AoeStats
← Hoycbb

Oasis

510214489Analyzed
4v4 RM · 2d ago on Sep 30, 2026· 31m 30s· 8 players
Game mode
Random Map
Map size
Large (8 player)
Population
200
Speed
Normal
Resources
Standard
Victory
Conquest
Starting age
Dark Age
Ending age
Imperial Age
RankedLock teamsTeams togetherTeam positionsShared explorationLock speedFull tech treeHidden civsTurbo modeCheats
Victory
Defeat
🇨🇱 Vietnamese · Chile
937
+10
🇨🇱 Persians · Chile
872
+13
🇨🇱 Huns · Chile
804
+16
🇨🇱 Bohemians · Chile
784
+16
🇨🇳 Turks · China
817
-14
🇺🇸 Turks · United States
807
-14
🇺🇸 Spanish · United States
796
-14
🇲🇽 Persians · Mexico
788
-13
MousePuddles
10:14 Loom
12:00 Feudal Age
13:17 Double-Bit Axe
13:14 Horse Collar
13:26 Gold Mining
22:03 Castle Age
26:15 Fletching
26:26 Padded Archer Armor
28:26 Caravan
WHIRLYBIRDER
10:29 Feudal Age
10:40 Loom
11:01 Double-Bit Axe
11:34 Horse Collar
14:42 Wheelbarrow
20:25 Castle Age
19:50 Stone Mining
22:45 Gold Mining
24:14 Bloodlines
24:07 Padded Archer Armor
23:57 Fletching
24:42 Heavy Plow
25:51 Leather Archer Armor
26:09 Bow Saw
26:48 Bodkin Arrow
29:24 Stone Shaft Mining
Rompe--Anos
0:28 Loom
13:49 Feudal Age
18:39 Castle Age
我在上厕所
0:29 Loom
14:41 Feudal Age
15:11 Horse Collar
15:19 Double-Bit Axe
21:23 Stone Mining
21:25 Gold Mining
24:19 Castle Age
Kitoow
7:49 Loom
10:42 Feudal Age
12:37 Double-Bit Axe
16:23 Horse Collar
21:47 Castle Age
22:15 Elite Skirmisher
23:46 Fletching
30:58 Wheelbarrow
34:04 Imperial Age
ISCO
10:28 Feudal Age
12:04 Double-Bit Axe
17:29 Castle Age
17:06 Gold Mining
21:46 Bow Saw
22:49 Wheelbarrow
23:51 Pikeman
28:26 Hand Cart
29:42 Bloodlines
29:32 Husbandry
30:06 Horse Collar
31:21 Gold Shaft Mining
31:18 Husbandry
31:25 Squires
31:10 Gambesons
31:44 Stone Mining
Panchoqt
7:31 Loom
10:39 Feudal Age
11:10 Double-Bit Axe
15:51 Bloodlines
17:17 Scale Barding Armor
18:47 Forging
23:22 Castle Age
24:41 Bow Saw
24:22 Light Cavalry
25:03 Husbandry
25:00 Gold Mining
25:26 Fletching
25:36 Padded Archer Armor
29:22 Horse Collar
31:24 Iron Casting
31:09 Chain Barding Armor
Hoycbb
5:40 Loom
5:46 Loom
10:30 Feudal Age
12:26 Double-Bit Axe
13:38 Wheelbarrow
20:00 Castle Age
19:08 Padded Archer Armor
19:11 Fletching
21:33 Horse Collar
22:24 Bow Saw
21:38 Crossbowman
25:12 Hand Cart
26:45 Ballistics
28:00 Heavy Plow
29:48 Bodkin Arrow
30:09 Leather Archer Armor
Connection lost

Rejoining the realm…

Still unreachable

The connection could not be restored.

Session expired

The server has moved on; the page needs a fresh start.